 Dungeon Crawl Stone Soup version 0.29.1-15-g9cfb28693d (webtiles) character file.

Game seed: 4482267173406789585

536 Heoruswealwe the Magician (level 7, -4/36 HPs)
             Began as a Deep Elf Earth Elementalist on Apr 18, 2023.
             Was a Follower of Vehumet.
             Slain by LaMa's ghost (12 damage)
             ... on level 4 of the Dungeon.
             The game lasted 00:37:08 (3067 turns).

Heoruswealwe the Magician (DEEE)                    Turns: 3067, Time: 00:37:09

Health: -4/36      AC:  4    Str:  8    XL:     7   Next: 4%
Magic:  13/20      EV: 12    Int: 22    God:    Vehumet [*.....]
Gold:   17         SH:  0    Dex: 15    Spells: 11/21 levels left

rFire   . . .      SeeInvis +   b - +8 spear of Incongruity {flame, rElec Str+3}
rCold   . . .      Faith    .   (no shield)
rNeg    . . .      Spirit   .   c - +0 robe
rPois   .          Reflect  .   g - +0 helmet
rElec   +          Harm     .   (no cloak)
rCorr   .          Rampage  .   (no gloves)
Will    .....                   e - +0 pair of boots
Stlth   ++........              (no amulet)
HPRegen 0.12/turn               k - ring of wizardry
MPRegen 0.17/turn               j - ring of see invisible

@: no status effects
A: no striking features
a: Renounce Religion


You were on level 4 of the Dungeon.
You worshipped Vehumet.
Vehumet was aware of your devotion.
You visited 2 branches of the dungeon, and saw 5 of its levels.

You collected 263 gold pieces.
You spent 246 gold pieces at shops.

Inventory:

Hand Weapons
 b - the +8 spear of Incongruity (weapon) {flame, rElec Str+3}
   (You found it on level 4 of the Dungeon)

   It burns those it strikes, dealing additional fire damage.
   Str:       It affects your strength (+3).
   rElec:     It insulates you from electricity.
 q - a +0 arbalest
Armour
 c - a +0 robe (worn)
 e - a +0 pair of boots (worn)
 g - a +0 helmet (worn)
Magical Staves
 l - a staff of conjuration
Jewellery
 j - a ring of see invisible (right hand)
 k - a ring of wizardry (left hand)
 y - a ring of positive energy
Scrolls
 a - a scroll of fear
 m - a scroll of acquirement {unknown}
 o - 2 scrolls of enchant armour
 r - a scroll of teleportation
 s - a scroll of silence {unknown}
 t - a scroll of blinking
 w - 2 scrolls of amnesia
Potions
 d - 2 potions of berserk rage {unknown}
 f - a potion of haste
 h - a potion of magic
 i - 3 potions of might
 n - a potion of heal wounds {unknown}
 p - a potion of ambrosia {unknown}
 u - a potion of curing
 v - a potion of brilliance {unknown}
 x - 2 potions of mutation {unknown}


   Skills:
 - Level 2.4 Dodging
 - Level 2.4 Stealth
 + Level 7.5 Spellcasting
 - Level 1.1 Transmutations
 + Level 6.6 Earth Magic


You had 11 spell levels left.
You knew the following spells:

 Your Spells              Type           Power      Damage    Failure   Level
a - Sandblast             Erth           74%        2d16      1%          1
b - Stone Arrow           Conj/Erth      44%        3d9       2%          3
c - Petrify               Tmut/Erth      25%        N/A       6%          4
z - Passwall              Tmut/Erth      20%        N/A       1%          2

Your spell library contained the following spells:

 Spells                   Type           Power      Damage    Failure   Level
 Magic Dart               Conj           32%        1d4       3%          1


Dungeon Overview and Level Annotations

Branches:
Dungeon (4/15)             Temple (1/1) D:4

Altars:
Ashenzari
Dithmenos
Elyvilon
Fedhas
Hepliaklqana
Kikubaaqudgha
Makhleb
Nemelex Xobeh
Okawaru
Qazlal
Sif Muna
Trog
Uskayaw
Vehumet
Yredelemnul
The Shining One

Shops:
D:2 ?   D:3 (

Annotations:
D:4 LaMa's ghost, amateur MfGl


Message History

LaMa's ghost turns its malevolent gaze towards you.
The adder bites you. The adder bites you but does no damage.
The blast of sand hits the adder!!
You kill the adder!
Vehumet accepts your kill. The adder barely misses you.
The blast of sand hits the adder!!
You kill the adder!
Vehumet accepts your kill.
The blast of sand hits LaMa's ghost!
LaMa's ghost is moderately damaged.
LaMa's ghost hits you but does no damage.
LaMa's ghost hits you.
The blast of sand hits LaMa's ghost.
LaMa's ghost is moderately damaged.
LaMa's ghost hits you!
The blast of sand misses LaMa's ghost.
LaMa's ghost hits you!
* * * LOW HITPOINT WARNING * * *
LaMa's ghost misses you.
You feel better. LaMa's ghost hits you.
You feel better. LaMa's ghost completely misses you.
Casting: Sandblast (safe; 1% risk of failure)
Confirm with . or Enter, or press ? or * to list all spells.
Aiming: Sandblast (safe; 1% risk of failure)
Press: ? - help, Shift-Dir - straight line, f/p - LaMa's ghost
Aim: LaMa's ghost (moderately damaged, 82% to hit)
The blast of sand hits LaMa's ghost.
LaMa's ghost is heavily damaged.
LaMa's ghost closely misses you.
Casting: Sandblast (safe; 1% risk of failure)
Confirm with . or Enter, or press ? or * to list all spells.
Aiming: Sandblast (safe; 1% risk of failure)
Press: ? - help, Shift-Dir - straight line, f/p - LaMa's ghost
Aim: LaMa's ghost (heavily damaged, 82% to hit)
The blast of sand hits LaMa's ghost!
LaMa's ghost is severely damaged.
LaMa's ghost hits you!
* * * LOW HITPOINT WARNING * * *
LaMa's ghost hits you!
You die...

######.....>.......#
#..##....#....#####
#.#..#....#..÷##...
#....#.#..#...†'...
##..#...##.....#...
##...........##...
#......'....##...
#####....##....##...
#..@.....########...
#.#W#....#..........
###~#....#..........
##~#....#..........
#~#....#.....#####
#~#....'.....##...
#(#....##....##...
#~#....##....##...
#..........)....


You could see LaMa's ghost.

Vanquished Creatures
  A black bear (D:4)
  A phantom (D:4)
  2 necrophages (D:4)
  A jelly (D:4)
  An orc priest (D:3)
  An iguana (D:3)
  9 adders
  A worm (D:2)
  A dart slug (D:3)
  7 orcs
  11 ball pythons
  8 endoplasms
  7 goblins
  8 hobgoblins
  3 jackals (D:3)
  5 kobolds
  A quokka (D:1)
  3 bats
  A frilled lizard (D:2)
  3 rats
75 creatures vanquished.

Notes
Turn   | Place    | Note
-------+----------+-------------------------------------------
     0 | D:1      | Heoruswealwe the Deep Elf Earth Elementalist began the
                  | quest for the Orb.
     0 | D:1      | Reached XP level 1. HP: 10/10 MP: 6/6
     7 | D:1      | Noticed a snapping turtle
     7 | D:1      | Noticed a water moccasin
     7 | D:1      | Noticed a lindwurm
     7 | D:1      | Noticed a wyvern
   236 | D:1      | Reached XP level 2. HP: 15/15 MP: 2/8
   239 | D:1      | Learned a level 2 spell: Passwall
  1077 | D:2      | Found Ojyg's Magic Scroll Boutique.
  1119 | D:2      | Bought a scroll of identify for 24 gold pieces
  1119 | D:2      | Bought a scroll of identify for 24 gold pieces
  1119 | D:2      | Bought a scroll of identify for 24 gold pieces
  1119 | D:2      | Bought a scroll of identify for 24 gold pieces
  1150 | D:2      | Reached skill level 4 in Spellcasting
  1151 | D:2      | You fall into a shaft and drop 2 floors!
  1158 | D:4      | Reached XP level 3. HP: 17/19 MP: 5/10
  1170 | D:4      | Found a glowing golden altar of the Shining One.
  1182 | D:4      | Identified the +8 spear of Incongruity {flame, rElec Str+3}
  1250 | D:4      | Found a runed translucent door.
  1260 | D:4      | Found a staircase to the Ecumenical Temple.
  1260 | D:4      | Noticed a black bear
  1262 | D:4      | Noticed a phantom
  1262 | D:4      | Noticed LaMa's ghost (amateur MfGl)
  1266 | D:4      | Killed a phantom
  1267 | D:4      | Reached skill level 5 in Spellcasting
  1267 | D:4      | Reached skill level 5 in Earth Magic
  1267 | D:4      | Reached XP level 4. HP: 19/24 MP: 8/13
  1267 | D:4      | Reached XP level 5. HP: 23/28 MP: 8/14
  1275 | D:4      | Killed a black bear
  1276 | D:4      | Reached skill level 6 in Spellcasting
  1293 | Temple   | Entered the Ecumenical Temple
  1323 | Temple   | Became a worshipper of Vehumet
  1379 | D:4      | Reached XP level 6. HP: 28/32 MP: 12/17
  1386 | D:4      | Learned a level 3 spell: Stone Arrow
  1391 | D:4      | Learned a level 4 spell: Petrify
  1683 | D:3      | Reached skill level 7 in Spellcasting
  1827 | D:2      | Bought a scroll of identify for 24 gold pieces
  2054 | D:3      | Found Laneqol's Antique Weapon Emporium.
  2197 | D:3      | Found a bloodstained altar of Trog.
  2624 | D:3      | Reached * piety under Vehumet
  2624 | D:3      | Offered knowledge of Magic Dart by Vehumet.
  2779 | D:3      | Reached XP level 7. HP: 36/36 MP: 17/19
  2950 | D:2      | Bought a scroll of teleportation for 36 gold pieces
  2950 | D:2      | Bought a scroll of blinking for 90 gold pieces
  3067 | D:4      | Slain by LaMa's ghost

Illustrated notes

Levels and vault maps discovered:
D:1:      onia_arrival_zoo_common, layout_basic
D:2:      layout_rooms, serial_shops, nicolae_shop_behind_doors
D:3:      minmay_chambers_of_twos, layout_loops_corners, bloody_trog,
          serial_shops, shop, nrook_loot_triangle
D:4:      layout_gridville, general_overflow_altar,
          minmay_temple_entry_mini_moons, ebering_ghost_sewer_d
Temple:   compressed_dpeg_circular_temple

Skill      XL: |  1  2  3  4  5  6 |
---------------+-------------------+-----
Spellcasting   | 4 5 6 7 |  7.5
Earth Magic    | 4 5 6 |  6.6
Dodging        | |  2.4
Stealth        | |  2.4
Transmutations | |  1.1

Action                   |  1- 3 |  4- 6 |  7- 9 || total
-------------------------+-------+-------+-------++-------
Melee: Spear             |       |     2 |       ||     2
 Cast: Sandblast         |    45 |    55 |    10 ||   110
       Passwall          |     3 |     1 |       ||     4
  Use: Scroll            |     7 |     2 |       ||     9
       Potion            |       |       |     2 ||     2
Armor: Robe              |       |     3 |     2 ||     5
Dodge: Dodged            |     4 |     3 |     4 ||    11
